 Dungeon Crawl Stone Soup version 0.32-a0-861-g165e151e72 (webtiles) character file.

Game seed: 9441414287113916153

4 Essalna the Firebug (level 1, -1/14 HPs)
             Began as a Demonspawn Fire Elementalist on Mar 28, 2024.
             Slain by a ribbon worm (3 damage)
             ... on level 2 of the Dungeon.
             The game lasted 00:00:51 (243 turns).

Essalna the Firebug (Demonspawn Fire Elementalist)   Turns: 243, Time: 00:00:51

Health: -1/14      AC:  2    Str:  8    XL:     1   Next: 58%
Magic:  0/3        EV: 11    Int: 15    God:
Gold:   0          SH:  0    Dex: 13    Spells: 3/4 levels left

rFire   . . .        (no weapon)
rCold   . . .        (no shield)
rNeg    . . .        a - +0 robe
rPois   .            (no helmet)
rElec   .            (no cloak)
rCorr   .            (no gloves)
SInv    .            (no boots)
Will    .....        (no amulet)
Stlth   ++           (no ring)
HPRegen 0.22/turn    (no ring)
MPRegen 0.08/turn

%: no passive effects
@: no status effects
A: no striking features
a: no special abilities


You were on level 2 of the Dungeon.
You visited 1 branch of the dungeon, and saw 2 of its levels.

Inventory:

Armour
 a - a +0 robe (worn)
Scrolls
 c - a scroll of identify {unknown}
Potions
 b - a potion of magic


   Skills:
 + Level 0.3 Fighting
 - Level 1.7 Dodging
 - Level 1.7 Stealth
 + Level 2.1 Spellcasting
 + Level 1.2 Conjurations
 + Level 2.7 Fire Magic


You had 3 spell levels left.
You knew the following spells:

 Your Spells              Type           Power      Damage    Failure   Level
a - Foxfire               Conj/Fire      28%        2x1d5     10%         1

Your spell library contained the following spells:

 Spells                   Type           Power      Damage    Failure   Level
 Scorch                   Fire           18%        2d5       11%         2
 Inner Flame              Hex/Fire       5%         N/A       36%         3
 Volatile Blastmotes      Fire/Tloc      10%        2d10      36%         3
 Flame Wave               Conj/Fire      7%         2d5       67%         4


Dungeon Overview and Level Annotations

Branches:
Dungeon (1/15)

Altars:


Message History

You hit the ribbon worm.
The ribbon worm is severely wounded.
The foxfire hits the ribbon worm.
The ribbon worm is severely wounded.
The foxfire hits the ribbon worm.
The ribbon worm is almost dead.
You hit the ribbon worm.
The ribbon worm is almost dead.
The ribbon worm expels a string of sticky webbing.
The stream of webbing hits you but does no damage.
You are caught in a web!
The web tears apart.
The ribbon worm closely misses you.
You hit the ribbon worm but do no damage.
The ribbon worm is almost dead.
The ribbon worm bites you.
You hit the ribbon worm but do no damage.
The ribbon worm is severely wounded.
The ribbon worm barely misses you.
You hit the ribbon worm.
The ribbon worm is almost dead.
You hit the ribbon worm but do no damage.
The ribbon worm is almost dead.
The ribbon worm barely misses you.
You hit the ribbon worm but do no damage.
The ribbon worm is severely wounded.
The ribbon worm bites you.
* * * LOW HITPOINT WARNING * * *
You hit the ribbon worm but do no damage.
The ribbon worm is severely wounded.
The ribbon worm expels a string of sticky webbing.
The stream of webbing hits you but does no damage.
You are caught in a web!
The web tears apart.
The ribbon worm bites you but does no damage.
You hit the ribbon worm.
The ribbon worm is severely wounded.
Casting: Foxfire (safe; 10% risk of failure)
Confirm with . or Enter, or press ? or * to list all spells.
You conjure some foxfire!
The ribbon worm bites you.
You die...

#. #..........
#.#############.#........
#...........w...#..#####.
...#############..## ##.#
#...# #w# #####...#
#.########.......#
#.............vw.##
............###v@..#
############# ####......
#..... #####


You could see a ribbon worm (catching breath, ally target).

Vanquished Creatures
  2 endoplasms (D:1)
  A hobgoblin (D:2)
  A ball python (D:2)
4 creatures vanquished.

Vanquished Creatures (others)
  18 foxfires
18 creatures vanquished.

Grand Total: 22 creatures vanquished

Notes
Turn   | Place    | Note
-------+----------+-------------------------------------------
     0 | D:1      | Essalna the Demonspawn Fire Elementalist began the quest
                  | for the Orb.
     0 | D:1      | Reached XP level 1. HP: 13/13 MP: 3/3
   145 | D:1      | You fall into a shaft and drop 1 floor!
   243 | D:2      | Slain by a ribbon worm

Illustrated notes

Levels and vault maps discovered:
D:1:      dpeg_arrival_chambers_temple_mockup, layout_rooms, corner_web_ring,
          minmay_misc_feat_iff, minivault_4, st_stairs_4,
          wad_floor_pattern_untrapped, minmay_tree_intersection
D:2:      layout_loops_ring, chequers_ecumenical_altar_lobes,
          kennysheep_jessica_study, uniq_jessica

Action                     || total
---------------------------++-------
  Melee: Unarmed           ||    26
   Cast: Foxfire           ||    12
 Armour: Robe              ||    21
  Dodge: Dodged            ||    12

Table legend: (Time is in decaauts)
 A = Elapsed time spent in this place.
 B = Non-inter-level travel time spent in this place.
 C = Inter-level travel time spent in this place.
 D = Time resting spent in this place.
 E = Time spent auto-exploring this place.
 F = Levels seen in this place.
 G = Mean time per level.
                   A        B        C        D        E       F      G
               +--------+--------+--------+--------+--------+-----+--------+
         Total |    242 |    235 |      7 |      0 |    145 |   2 |  121.0 |
       Dungeon |    242 |    235 |      7 |      0 |    145 |   2 |  121.0 |
               +--------+--------+--------+--------+--------+-----+--------+

Top non-repeatable levels by time:
     D:1: 145 daAuts
     D:2: 97 daAuts
